 Dungeon Crawl Stone Soup version 0.31.0-12-g77e489cdc1 (webtiles) character file.

Game seed: 17150669001355754273

1141 M1RAB1L1S the Trooper (level 7, -11/64 HPs)
             Began as a Demigod Fighter on Feb 12, 2024.
             Mangled by an ogre
             ... wielding a +0 giant club
              (16 damage)
             ... on level 5 of the Dungeon.
             The game lasted 00:33:14 (3923 turns).

M1RAB1L1S the Trooper (Demigod Fighter)             Turns: 3923, Time: 00:33:14

Health: -11/64     AC:  9    Str: 25    XL:     7   Next: 92%
Magic:  9/9        EV:  9    Int: 10    God:
Gold:   186        SH:  5    Dex: 13    Spells: 6/6 levels left

rFire   . . .        a - +0 war axe
rCold   . . .        c - +0 buckler
rNeg    . . .        b - +0 scale mail
rPois   .            q - +0 helmet
rElec   .            (no cloak)
rCorr   .            g - +0 pair of gloves
SInv    .            (no boots)
Will    .....        (no amulet) Stlth
                     (no ring)
HPRegen 0.30/turn    (no ring)
MPRegen 0.11/turn

%: no passive effects
@: no status effects
A: high MP 1, forlorn, divine attributes
a: no special abilities


You were on level 5 of the Dungeon.
You visited 1 branch of the dungeon, and saw 5 of its levels.

You collected 186 gold pieces.

Inventory:

Hand Weapons
 a - a +0 war axe (weapon)
Missiles
 j - 2 curare-tipped darts
 m - 3 boomerangs (quivered)
 t - 6 poisoned darts
Armour
 b - a +0 scale mail (worn)
 c - a +0 buckler (worn)
 g - a +0 pair of gloves (worn)
 q - a +0 helmet (worn)
Scrolls
 d - a scroll of blinking {unknown}
 i - 3 scrolls of immolation {unknown}
 k - 5 scrolls of identify {unknown}
 r - a scroll of fog {unknown}
 s - a scroll of teleportation {unknown}
 u - a scroll of poison {unknown}
Potions
 f - a potion of enlightenment {unknown}
 h - a potion of curing {unknown}
 l - a potion of lignification {unknown}
 n - a potion of haste {unknown}
 o - 2 potions of brilliance {unknown}
 p - 2 potions of attraction {unknown}
 v - a potion of heal wounds {unknown}


   Skills:
 * Level 6.8 Fighting
 - Level 1.8 Axes
 + Level 5.1 Armour
 + Level 5.1 Shields


You had 6 spell levels left.
You didn't know any spells.
Your spell library contained the following spells:

 Spells                   Type           Power      Damage    Failure   Level
 Lesser Beckoning         Tloc           0%         N/A       83%         2
 Static Discharge         Conj/Air       0%         3-3/arc   83%         2
 Gell's Gravitas          Tloc           0%         N/A       97%         3
 Teleport Other           Tloc           0%         N/A       97%         3
 Airstrike                Air            0%         2d(0-16)  100%        4
 Summon Lightning Spire   Summ/Air       0%         N/A       100%        4


Dungeon Overview and Level Annotations

Branches:
Dungeon (5/15)
 Temple: D:4-7


Innate Abilities, Weirdness & Mutations

You have an increased reservoir of magic. (+10% MP)
You shall have no god before yourself.
Your divine heritage dramatically boosts your attributes as you level up.


Message History

The jelly misses you.
You slash the jelly! The acid corrodes you!
Your hands burn!
The jelly is almost dead.
The jelly hits you. The acid corrodes you!
You are splashed with acid.
The jelly hits you but does no damage.
You slash the jelly!
You kill the jelly!
You start resting.
A scorpion is nearby!
You start resting.
You are no longer corroded.
You start resting.
An ogre comes into view. It is wielding a +0 giant club.
There is an open door, spattered with blood here.
You block the scorpion's attack.
You hit the scorpion.
The scorpion is moderately wounded.
The scorpion stings you but does no damage.
You block the scorpion's attack. You block the ogre's attack.
You slash the scorpion!
You kill the scorpion!
You hit the ogre but do no damage.
The ogre hits you with a +0 giant club!!
An ogre is nearby!
You throw a boomerang. The boomerang barely misses the ogre.
The ogre attacks as it pursues you! The ogre closely misses you.
The ogre attacks as it pursues you! The ogre hits you with a +0 giant club!
You hit the ogre but do no damage. The ogre hits you with a +0 giant club!
* * * LOW HITPOINT WARNING * * *
You hit the ogre.
The ogre is lightly wounded.
The ogre barely misses you.
You slash the ogre!
The ogre is heavily wounded.
The ogre hits you with a +0 giant club!
* * * LOW HITPOINT WARNING * * *
You hit the ogre but do no damage.
The ogre is heavily wounded.
The ogre hits you with a +0 giant club!
You die...

#..............####.
.........
#...................
......... #######..........##
########' #..........#
#....†... #..........#
#........ #......>...#
#...##..# #..........#
#...#####
#######..........#########..#
#...............@O........).#
#.......................#...#
#.......................#...#
#.......................##..#
#################)...######+#
#....# #....+ #....# #....#


You could see an ogre.

Vanquished Creatures
  Grinder (D:4)
  An ogre (D:4)
  2 phantoms
  A bullfrog (D:4)
  Blork the orc (D:4)
  A scorpion (D:5)
  A howler monkey (D:4)
  A hound (D:5)
  4 bombardier beetles
  2 jellies
  An iguana (D:5)
  2 orc priests
  Jessica (D:2)
  An orc wizard (D:3)
  An adder (D:4)
  A dart slug (D:1)
  4 ribbon worms
  7 orcs
  6 bats
  6 endoplasms
  2 giant cockroaches
  6 goblins
  9 hobgoblins
  5 quokkas
  7 ball pythons
  2 frilled lizards (D:3)
  7 kobolds
  7 rats
90 creatures vanquished.

Vanquished Creatures (others)
  An orc wizard (D:3)
1 creature vanquished.

Grand Total: 91 creatures vanquished

Notes
Turn   | Place    | Note
-------+----------+-------------------------------------------
     0 | D:1      | M1RAB1L1S the Demigod Fighter began the quest for the Orb.
     0 | D:1      | Reached XP level 1. HP: 18/18 MP: 3/3
   203 | D:1      | Reached skill level 3 in Fighting
   203 | D:1      | Reached XP level 2. HP: 20/26 MP: 4/4
   879 | D:1      | Reached XP level 3. HP: 31/31 MP: 5/5
  1139 | D:2      | Identified the +4 dagger of the Vendetta {freeze, Fly rCorr
                  | Str-3 Int-4}
  1236 | D:2      | Noticed Jessica
  1242 | D:2      | Killed Jessica
  1665 | D:3      | Reached XP level 4. HP: 32/40 MP: 6/6
  1770 | D:3      | Reached skill level 4 in Fighting
  1784 | D:3      | Reached XP level 5. HP: 27/46 MP: 7/7
  1789 | D:3      | HP: 2/47 [burnt (5)]
  2399 | D:4      | Noticed Grinder
  2428 | D:4      | Paralysed by Grinder for 3 turns
  2436 | D:4      | Killed Grinder
  2437 | D:4      | Reached skill level 5 in Fighting
  2437 | D:4      | Reached XP level 6. HP: 32/56 MP: 8/8
  2607 | D:4      | Noticed Blork the orc
  2624 | D:4      | Killed Blork the orc
  2816 | D:4      | Reached XP level 7. HP: 52/62 MP: 9/9
  2912 | D:4      | Reached skill level 6 in Fighting
  3316 | D:4      | Identified the +4 short sword "Ybiy" {drain, Stlth+}
  3685 | D:5      | Entered Level 5 of the Dungeon
  3776 | D:5      | Reached skill level 5 in Armour
  3776 | D:5      | Reached skill level 5 in Shields
  3923 | D:5      | Mangled by an ogre

Illustrated notes

Levels and vault maps discovered:
D:1:      minmay_arrival_up_and_down, layout_basic
D:2:      layout_loops_ring, uniq_jessica
D:3:      layout_basic, mainiacjoe_overflow_chevrons
D:4:      layout_loops_ring, amcnicky_altar_gilded, uniq_blork_the_orc,
          uniq_grinder
D:5:      layout_gridville, lemuel_temple_firewalk_b, chequers_decorated_corner,
          lemuel_flamethrower_2

Skill      XL: |  1  2  3  4  5  6  7 |
---------------+----------------------+-----
Fighting       | 3 4 5 6 |  6.8
Shields        | 3 4 5 |  5.1
Armour         | 3 4 5 |  5.1
Axes           | |  1.8

Action                     |  1- 3 |  4- 6 |  7- 9 || total
---------------------------+-------+-------+-------++-------
  Melee: War axe           |   160 |   114 |    62 ||   336
  Throw: Stone             |     6 |    33 |     9 ||    48
         Boomerang         |       |       |    18 ||    18
    Use: Potion            |       |     1 |       ||     1
 Armour: Scale mail        |   117 |    67 |    42 ||   226
  Dodge: Dodged            |    93 |    52 |    11 ||   156
  Block: Buckler           |    37 |    23 |    16 ||    76
